 Dungeon Crawl Stone Soup version 0.26-a0-54-g15ccc7ae60 (webtiles) character file.

Game seed: 17168526680097448001

7664 MisterFreud the Blocker (level 11, -3/130 HPs)
             Began as a Gnoll Fighter on June 7, 2020.
             Was a Priest of Ashenzari.
             Slain by a death yak simulacrum (39 damage)
             ... in an ice cave.
             The game lasted 00:17:15 (11262 turns).

MisterFreud the Blocker (Gnoll Fighter)            Turns: 11262, Time: 00:17:16

Health: -3/130     AC: 25    Str: 19    XL:     11   Next: 18%
Magic:  19/19      EV:  2    Int: 14    God:    Ashenzari [***...]
Gold:   500        SH: 13    Dex: 20    Spells: 21/21 levels left

rFire    . . .     SeeInvis +   D - +2 whip (elec) (curse)
rCold    . . .     Gourm    .   c - +0 kite shield (curse)
rNeg     + + +     Faith    .   (armour currently unavailable)
rPois    +         Spirit   .   (helmet currently unavailable)
rElec    .         Reflect  .   (cloak currently unavailable)
rCorr    .         Harm     .   (gloves currently unavailable)
MR       .....     NoTele   +   (boots currently unavailable)
Stlth    +++.......             (no amulet)
HPRegen  0.31/turn              G - +4 ring of evasion
MPRegen  0.16/turn              M - +6 ring of dexterity

@: tree-form
A: distributed training, strong nose
a: Curse Item, Scrying, Renounce Religion


You were in an ice cave.
You worshipped Ashenzari.
Ashenzari was most pleased with you.
You were hungry.
You were a tree.
You visited 2 branches of the dungeon, and saw 12 of its levels.
You also visited: Ice Cave.

You collected 500 gold pieces.

Inventory:

Hand Weapons
 a - a +0 rapier
 D - a cursed +2 whip of electrocution (weapon)
Missiles
 u - 4 javelins
 y - a throwing net
 A - 31 boomerangs
 Q - 10 silver boomerangs (quivered)
Armour
 b - a +0 scale mail (melded)
 c - a cursed +0 kite shield (worn)
 v - a +0 helmet (melded)
 B - a +0 cloak (melded)
 N - a cursed +0 pair of boots (melded)
Jewellery
 k - an uncursed ring of magical power
 l - an uncursed ring of flight
 G - a +4 ring of evasion (left branch)
 M - a +6 ring of dexterity (right branch)
 O - an uncursed ring of fire
Wands
 w - a wand of paralysis (4)
 F - a wand of clouds (1)
 I - a wand of flame (29)
 K - a wand of polymorph (6)
 L - a wand of random effects (13)
Scrolls
 e - 10 scrolls of remove curse
 g - 8 scrolls of identify
 h - 6 scrolls of enchant weapon {unknown}
 i - a scroll of immolation {unknown}
 m - 5 scrolls of teleportation {unknown}
 n - a scroll of random uselessness {unknown}
 p - a scroll of magic mapping {unknown}
 t - 8 scrolls of amnesia {unknown}
 x - 4 scrolls of fog {unknown}
 H - 2 scrolls of enchant armour {unknown}
 J - a scroll of blinking {unknown}
Potions
 d - 3 potions of might
 j - a potion of heal wounds
 o - a potion of cancellation
 q - 3 potions of curing
 r - a potion of mutation
 s - 5 potions of haste
 z - a potion of flight
 C - a potion of stabbing
 E - 2 potions of lignification
Comestibles
 f - 27 rations
 P - 6 chunks of flesh


   Skills:
 + Level 8.9 Fighting
 + Level 7.6 Short Blades
 + Level 5.9 Long Blades
 + Level 5.9 Axes
 + Level 5.9(8.9) Maces & Flails
 + Level 5.9 Polearms
 + Level 5.9 Staves
 + Level 5.9 Slings
 + Level 5.9 Bows
 + Level 5.9 Crossbows
 + Level 5.9 Throwing
 + Level 8.9 Armour
 + Level 5.9 Dodging
 + Level 5.9 Stealth
 + Level 8.9(10.7) Shields
 + Level 5.9 Unarmed Combat
 + Level 5.9 Spellcasting
 + Level 4.9 Conjurations
 + Level 4.9 Hexes
 + Level 4.9 Charms
 + Level 4.9 Summonings
 + Level 4.9 Necromancy
 + Level 4.9 Translocations
 + Level 4.9 Transmutations
 + Level 4.9 Fire Magic
 + Level 4.9 Ice Magic
 + Level 4.9 Air Magic
 + Level 4.9 Earth Magic
 + Level 4.9 Poison Magic
 + Level 6.5 Invocations
 + Level 5.9 Evocations


You had 21 spell levels left.
You didn't know any spells.
Your spell library contained the following spells:

 Spells                   Type           Power        Failure   Level  Hunger
 Sting                    Tmut/Pois      ###.         3%          1    None
 Summon Small Mammal      Summ           ###.         3%          1    None
 Call Imp                 Summ           ###.....     5%          2    #......
 Call Canine Familiar     Summ           ###.....     11%         3    ###....
 Summon Guardian Golem    Hex/Summ       ###.....     11%         3    ###....
 Summon Ice Beast         Ice/Summ       ###.....     34%         4    ####...
 Summon Lightning Spire   Summ/Air       ###.....     34%         4    ####...


Dungeon Overview and Level Annotations

Branches:
Dungeon (11/15)            Temple (1/1) D:4            Lair (0/6) D:9
  IceCv (1/1)
    Orc: D:9-12

Altars:
Ashenzari
Cheibriados
Gozag
Hepliaklqana
Kikubaaqudgha
Makhleb
Nemelex Xobeh
Okawaru
Ru
Sif Muna
Uskayaw
Vehumet
Wu Jian
Zin
The Shining One

Shops:
D:7 =:


Innate Abilities, Weirdness & Mutations

Your experience applies equally to all skills.
((You have very sharp teeth.))
Your uncanny sense of smell can sniff out nearby items.


Message History

The polar bear simulacrum claws you but does no damage. x2
The death yak simulacrum gores you but does no damage.
Unknown command.
You hit the polar bear simulacrum.
The polar bear simulacrum is heavily damaged.
You block the alligator simulacrum's attack.
The alligator simulacrum tail-slaps you.
The alligator simulacrum freezes you!!
* * * LOW HITPOINT WARNING * * *
The polar bear simulacrum bites you.
* * * LOW HITPOINT WARNING * * *
The polar bear simulacrum freezes you!!
* * * LOW HITPOINT WARNING * * *
The polar bear simulacrum claws you but does no damage.
You block the polar bear simulacrum's attack.
Unknown command.
You feel much better. The death yak simulacrum gores you.
* * * LOW HITPOINT WARNING * * *
The death yak simulacrum freezes you!!!
You die...

* , * #### ,
* ###*##..##
##..##....##
#..........#
,
.......∩.∩.#
,
,..##.ZZZ...#
, *###♣...##
* ≈ ##..##
≈*≈≈≈ ####* *
≈ ≈ ** * * ≈
* *≈ * * , *


You could see an alligator simulacrum, a death yak simulacrum and a polar bear
simulacrum.

Vanquished Creatures
  A kobold demonologist (D:9)
  A troll (D:10)
  3 hornets
  Grinder (D:5)
  2 hippogriffs
  6 yaks
  Eustachio (D:4)
  A wyvern (D:7)
  Menkaure (D:4)
  8 ice beasts
  4 orc warriors
  A sky beast (D:8)
  3 phantoms
  2 centaurs
  6 ogres
  7 big kobolds
  A bullfrog (D:9)
  A wyvern zombie (D:5)
  A water moccasin zombie (D:5)
  5 scorpions
  3 howler monkeys (D:7)
  5 crimson imps
  A bullfrog zombie (D:6)
  3 orc priests
  6 jellies
  A quasit (D:10)
  A centaur skeleton (D:4)
  6 hounds
  4 iguanas
  7 orc wizards
  8 worker ants
  A polar bear simulacrum (IceCv)
  A hound zombie (D:8)
  Robin (D:3)
  4 gnolls (D:7)
  13 adders
  2 shadow imps
  2 adder skeletons
  2 worms (D:2)
  6 dart slugs
  5 leopard geckos
  29 orcs
  A ball python (D:4)
  5 giant cockroaches
  14 goblins
  10 hobgoblins
  2 jackals (D:8)
  3 quokkas (D:8)
  12 bats
  8 frilled lizards
  25 kobolds
  A quokka zombie (D:6)
  9 rats
257 creatures vanquished.

Vanquished Creatures (others)
  Pikel (D:5)
  4 slaves (D:5)
  An orc wizard (D:5)
  An orc (D:5)
7 creatures vanquished.

Grand Total: 264 creatures vanquished

Notes
Turn   | Place    | Note
-------+----------+-------------------------------------------
     0 | D:1      | MisterFreud the Gnoll Fighter began the quest for the Orb.
     0 | D:1      | Reached XP level 1. HP: 23/23 MP: 1/1
   155 | D:1      | Reached XP level 2. HP: 29/29 MP: 2/2
   619 | D:1      | Reached XP level 3. HP: 33/35 MP: 3/3
  1051 | D:2      | Reached skill level 1 in Invocations
  1236 | D:2      | Reached skill level 1 in Long Blades
  1236 | D:2      | Reached skill level 1 in Axes
  1236 | D:2      | Reached skill level 1 in Maces & Flails
  1236 | D:2      | Reached skill level 1 in Polearms
  1236 | D:2      | Reached skill level 1 in Staves
  1236 | D:2      | Reached skill level 1 in Slings
  1236 | D:2      | Reached skill level 1 in Bows
  1236 | D:2      | Reached skill level 1 in Crossbows
  1236 | D:2      | Reached skill level 1 in Throwing
  1236 | D:2      | Reached skill level 1 in Dodging
  1236 | D:2      | Reached skill level 1 in Stealth
  1236 | D:2      | Reached skill level 1 in Unarmed Combat
  1236 | D:2      | Reached skill level 1 in Spellcasting
  1236 | D:2      | Reached skill level 1 in Evocations
  1236 | D:2      | Reached XP level 4. HP: 39/41 MP: 5/5
  1290 | D:2      | Found a glowing golden altar of the Shining One.
  1497 | D:2      | Reached skill level 1 in Conjurations
  1497 | D:2      | Reached skill level 1 in Hexes
  1497 | D:2      | Reached skill level 1 in Charms
  1497 | D:2      | Reached skill level 1 in Summonings
  1497 | D:2      | Reached skill level 1 in Necromancy
  1497 | D:2      | Reached skill level 1 in Translocations
  1497 | D:2      | Reached skill level 1 in Transmutations
  1497 | D:2      | Reached skill level 1 in Fire Magic
  1497 | D:2      | Reached skill level 1 in Ice Magic
  1497 | D:2      | Reached skill level 1 in Air Magic
  1497 | D:2      | Reached skill level 1 in Earth Magic
  1497 | D:2      | Reached skill level 1 in Poison Magic
  1564 | D:2      | Found a burning altar of Makhleb.
  1627 | D:2      | Reached XP level 5. HP: 41/47 MP: 6/6
  2176 | D:3      | Found a hide-covered altar of Uskayaw.
  2259 | D:3      | Found an opulent altar of Gozag.
  2413 | D:3      | Noticed Robin
  2433 | D:3      | Killed Robin
  2647 | D:4      | Reached XP level 6. HP: 41/53 MP: 8/8
  2717 | D:4      | Noticed Menkaure
  2726 | D:4      | Killed Menkaure
  2726 | D:4      | Reached skill level 5 in Short Blades
  3026 | D:4      | Found a sacrificial altar of Ru.
  3082 | D:4      | Reached XP level 7. HP: 37/59 MP: 10/10
  3253 | D:4      | Noticed Eustachio
  3274 | D:5      | Entered Level 5 of the Dungeon
  3364 | D:4      | Found a staircase to the Ecumenical Temple.
  3378 | Temple   | Entered the Ecumenical Temple
  3457 | Temple   | Became a worshipper of Ashenzari the Shackled
  4252 | D:4      | Killed Eustachio
  4252 | D:4      | Reached XP level 8. HP: 38/67 MP: 12/12
  4689 | D:5      | Noticed Grinder
  4712 | D:5      | Paralysed by Grinder for 7 turns
  4725 | D:5      | Killed Grinder
  5611 | D:5      | Reached * piety under Ashenzari
  5649 | D:5      | Noticed Pikel
  5657 | D:5      | Killed Pikel
  6343 | D:6      | Found a radiant altar of Vehumet.
  6529 | D:6      | Found an iron altar of Okawaru.
  6554 | D:6      | Reached XP level 9. HP: 71/72 MP: 14/14
  6778 | D:6      | Reached ** piety under Ashenzari
  7177 | D:7      | Found Goic Buwk's Jewellery Shop.
  7179 | D:7      | Found Noniecvy's Book Boutique.
  7205 | D:7      | Found Raykouz Weit's Assorted Antiques.
  7511 | D:7      | Found a hazy altar of Hepliaklqana.
  7907 | D:7      | Found a shimmering blue altar of Sif Muna.
  7907 | D:7      | Found an ancient bone altar of Kikubaaqudgha.
  7909 | D:7      | Found a radiant altar of Vehumet.
  7913 | D:7      | Identified Sif Muna's Catalogue of Shape Shifting
  8585 | D:8      | Reached skill level 5 in Invocations
  8603 | D:8      | Found a glowing silver altar of Zin.
  8764 | D:8      | Found an iron altar of Okawaru.
  9026 | D:8      | Noticed a hornet
  9026 | D:8      | Noticed a hornet
  9053 | D:8      | Killed a hornet
  9053 | D:8      | Reached XP level 10. HP: 43/80 MP: 15/17
  9579 | D:9      | Reached skill level 5 in Long Blades
  9579 | D:9      | Reached skill level 5 in Axes
  9579 | D:9      | Reached skill level 5 in Maces & Flails
  9579 | D:9      | Reached skill level 5 in Polearms
  9579 | D:9      | Reached skill level 5 in Staves
  9579 | D:9      | Reached skill level 5 in Slings
  9579 | D:9      | Reached skill level 5 in Bows
  9579 | D:9      | Reached skill level 5 in Crossbows
  9579 | D:9      | Reached skill level 5 in Throwing
  9579 | D:9      | Reached skill level 5 in Dodging
  9579 | D:9      | Reached skill level 5 in Stealth
  9579 | D:9      | Reached skill level 5 in Unarmed Combat
  9579 | D:9      | Reached skill level 5 in Spellcasting
  9579 | D:9      | Reached skill level 5 in Evocations
  9745 | D:9      | Noticed a kobold demonologist
  9777 | D:9      | Killed a kobold demonologist
  9925 | D:9      | Found a staircase to the Lair.
 10261 | D:10     | Entered Level 10 of the Dungeon
 10411 | D:10     | Reached *** piety under Ashenzari
 11012 | D:10     | Reached XP level 11. HP: 87/87 MP: 19/19
 11163 | D:11     | Found a frozen archway.
 11245 | IceCv    | Entered an ice cave
 11261 | IceCv    | HP: 6/130 [polar bear simulacrum (19)]
 11262 | IceCv    | Slain by a death yak simulacrum

Illustrated notes

Levels and vault maps discovered:
D:1:      grunt_arrival_crossed_arrows, layout_basic
D:2:      layout_loops_ring, makhleb_blood_cavern_becter,
          overflow_temple_1_default, grunt_ministairs_4,
          chequers_serial_rivers_small_3
D:3:      layout_basic, lemuel_doored_altar, eat_drink_and_be_merry_uskayaw,
          first_ration, uniq_robin
D:4:      minmay_diamond_boxcup, layout_basic, nicolae_ru_sacrificial_ziggurat,
          minmay_temple_entry_tees, uniq_menkaure, uniq_eustachio
D:5:      layout_cave_pods, abandoned_shop, st_stairs_13, uniq_pikel,
          uniq_grinder
D:6:      layout_cave_pools, okawaru_trees_1, vehumet_altar_wand_db
D:7:      layout_basic, grunt_temple_overflow_magic_moments,
          overflow_temple_1_default, serial_shops, nicolae_shop_crystal, shop,
          nicolae_shop_stone
D:8:      layout_rooms, zin_academy, basic_altar, hangedman_pestilent_swarm
D:9:      layout_loops_ring, lair_entry_dummy, special_room
          [special_room_kobold]
D:10:     layout_irregular_city, minmay_unpleasant_kobolds
D:11:     layout_rooms, portal_ice_cave_entry_ice_beasts, basic_altar,
          david_defended_altar_elf
Temple:   minmay_temple_curvy_loop
IceCv:    ice_cave_small_necro

Skill      XL: |  1  2  3  4  5  6  7  8  9 10 |
---------------+-------------------------------+-----
Invocations    | 1 2 3 4 5 6 |  6.5
Long Blades    | 1 2 3 4 5 |  5.9
Axes           | 1 2 3 4 5 |  5.9
Maces & Flails | 1 2 3 4 5 |  5.9
Polearms       | 1 2 3 4 5 |  5.9
Staves         | 1 2 3 4 5 |  5.9
Slings         | 1 2 3 4 5 |  5.9
Bows           | 1 2 3 4 5 |  5.9
Crossbows      | 1 2 3 4 5 |  5.9
Throwing       | 1 2 3 4 5 |  5.9
Dodging        | 1 2 3 4 5 |  5.9
Stealth        | 1 2 3 4 5 |  5.9
Unarmed Combat | 1 2 3 4 5 |  5.9
Spellcasting   | 1 2 3 4 5 |  5.9
Evocations     | 1 2 3 4 5 |  5.9
Conjurations   | 1 2 3 4 |  4.9
Hexes          | 1 2 3 4 |  4.9
Charms         | 1 2 3 4 |  4.9
Summonings     | 1 2 3 4 |  4.9
Necromancy     | 1 2 3 4 |  4.9
Translocations | 1 2 3 4 |  4.9
Transmutations | 1 2 3 4 |  4.9
Fire Magic     | 1 2 3 4 |  4.9
Ice Magic      | 1 2 3 4 |  4.9
Air Magic      | 1 2 3 4 |  4.9
Earth Magic    | 1 2 3 4 |  4.9
Poison Magic   | 1 2 3 4 |  4.9
Short Blades   | 5 6 7 |  7.6
Fighting       | 7 8 |  8.9
Armour         | 7 8 |  8.9
Shields        | 7 8 |  8.9

Action                   |  1- 3 |  4- 6 |  7- 9 | 10-12 || total
-------------------------+-------+-------+-------+-------++-------
Melee: Rapier            |   116 |   154 |   205 |       ||   475
       Bite              |     9 |    18 |    60 |    62 ||   149
       Whip              |       |       |   298 |   340 ||   638
Throw: Javelin           |       |     4 |       |       ||     4
       Boomerang         |       |       |    24 |    36 ||    60
Invok: Curse Item        |       |       |     3 |       ||     3
  Use: Scroll            |       |       |     9 |       ||     9
       Potion            |       |       |       |     2 ||     2
 Stab: Sleeping          |       |       |     1 |     3 ||     4
  Eat: Chunk             |     1 |     6 |    19 |     7 ||    33
Armor: Scale mail        |    35 |    37 |   144 |    57 ||   273
       Skin              |       |       |       |     4 ||     4
Dodge: Dodged            |    28 |    36 |   186 |   126 ||   376
Block: Kite shield       |    70 |    66 |   272 |   173 ||   581

Table legend:
 A = Non-vault XP
 B = Vault XP
 C = Vault XP percentage of total XP
 D = Non-vault monster count
 E = Vault monster count
 F = Vault count percentage of total count
                 A         B        C        D         E       F
            +---------+---------+-------+---------+---------+-------
      Total |    7303 |    3646 |  33.3 |     210 |      47 |  18.3
            +---------+---------+-------+---------+---------+-------
        D:1 |      43 |       0 |   0.0 |      25 |       0 |   0.0
        D:2 |     139 |      46 |  24.9 |      31 |       3 |   8.8
        D:3 |      34 |      29 |  46.0 |      13 |       8 |  38.1
        D:4 |     262 |     652 |  71.3 |      12 |       8 |  40.0
        D:5 |     547 |     286 |  34.3 |      14 |       1 |   6.7
        D:6 |     608 |       2 |   0.3 |      18 |       1 |   5.3
        D:7 |     872 |       0 |   0.0 |      17 |       0 |   0.0
        D:8 |     849 |     658 |  43.7 |      24 |       4 |  14.3
        D:9 |    2120 |     758 |  26.3 |      35 |       7 |  16.7
       D:10 |    1829 |    1055 |  36.6 |      21 |      13 |  38.2
       D:11 |       0 |     129 | 100.0 |       0 |       1 | 100.0
      IceCv |       0 |      31 | 100.0 |       0 |       1 | 100.0
            +---------+---------+-------+---------+---------+-------
